[Event "Titled Tuesday Blitz May 23 Late 2023"]
[White "Magallanes, Rey Jomar"]
[Black "Florianovitz, Derlei Alex"]
[WhiteFideId "5205948"]
[BlackFideId "2114178"]
[WhiteElo "2265"]
[BlackElo "1953"]
[Result "0-1"]
[Round "09"]
[TimeControl "180+2"]
[Date "2023.05.23"]
[WhiteClock "0:01:09"]
[BlackClock "0:00:14"]

1. e4 e6 2. d4 d5 3. e5 c5 4. c3 Nc6 5. Nf3 Qb6 6. a3 Bd7 7. b4 cxd4 8. cxd4 Rc8 9. Be3 h5 10. Bd3 Nh6 11. O-O Ng4 12. Nbd2 Be7 13. Qe2 a6 14. Nb3 Na7 15. Rac1 Bb5 16. Nc5 Bxd3 17. Qxd3 g6 18. h3 Nh6 19. Ng5 Nf5 20. Nf3 O-O 21. Nd7 Qb5 22. Qxb5 Nxb5 23. Nxf8 Rxf8 24. Bg5 Bxg5 25. Nxg5 Nfxd4 26. Rfe1 Nc6 27. a4 Na3 28. Rc3 Nc4 29. b5 axb5 30. axb5 N6xe5 31. f4 Nd7 32. Rd1 Ndb6 33. Nf3 Ra8 34. Ne5 Ra5 35. Nxc4 Nxc4 36. Rb1 Kf8 37. Kf2 Ke7 38. Ke2 Kd6 39. Kd3 Kc5 40. b6 Ra2 41. Rc2 Rxc2 42. Kxc2 Na3+ 43. Kb2 Nxb1 44. Kxb1 Kxb6 45. Kb2 Kc5 46. Kc3 b5 47. Kd3 b4 48. Kc2 Kc4 49. Kb2 d4 50. Kc2 b3+ 51. Kc1 Kc3 52. Kb1 d3 53. Kc1 d2+ 54. Kd1 b2 55. f5 b1=Q+ 56. Ke2 Qe4+ 57. Kf2 Qxf5+ 58. Kg3 Qe5+ 59. Kf2 d1=Q 60. g3 Qde1+ 61. Kg2 Q5e2# 0-1


[Site "https://www.chess.com"]

[Event "Titled Tuesday Blitz May 23 Late 2023"]
[White "Matthew_Clarke"]
[Black "coquitovich"]
[WhiteElo "2256"]
[BlackElo "2142"]
[Result "1/2-1/2"]
[Round "09"]
[TimeControl "180+2"]
[Date "2023.05.23"]
[WhiteClock "0:00:20"]
[BlackClock "0:00:42"]

1. d4 c5 2. d5 e6 3. e4 g6 4. Nc3 Bg7 5. Nf3 d6 6. Be2 Nf6 7. O-O O-O 8. h3 Re8 9. Bf4 e5 10. Bh2 Na6 11. Nd2 Nc7 12. a4 Nd7 13. Nc4 Nb6 14. Nd2 Rf8 15. f4 exf4 16. Bxf4 Qe7 17. a5 Nd7 18. Bd3 Ne5 19. Nc4 Nxc4 20. Bxc4 Be5 21. Bxe5 Qxe5 22. Qd3 Bd7 23. b3 Rab8 24. Rae1 b5 25. axb6 axb6 26. Nb5 Nxb5 27. Bxb5 Bxb5 28. Qxb5 Rb7 29. Qc6 Rfb8 30. Rf3 b5 31. Ref1 Rb6 32. Qd7 R6b7 33. Qc6 Rb6 34. Qd7 R6b7 35. Qc6 1/2-1/2


[Site "https://www.chess.com"]

[Event "Titled Tuesday Blitz May 23 Late 2023"]
[White "Osiecki, Stanislaw"]
[Black "Simonovic, Miroslav"]
[WhiteFideId "1102990"]
[BlackFideId "919152"]
[WhiteElo "2088"]
[BlackElo "2042"]
[Result "0-1"]
[Round "09"]
[TimeControl "180+2"]
[Date "2023.05.23"]
[WhiteClock "0:00:00"]
[BlackClock "0:00:17"]

1. e4 c5 2. c3 d5 3. e5 d4 4. Bc4 Nc6 5. Nf3 e6 6. a4 Nge7 7. O-O Ng6 8. Re1 Be7 9. d3 O-O 10. Qe2 b6 11. Qe4 Bb7 12. Qg4 Na5 13. cxd4 Nxc4 14. dxc4 cxd4 15. Qxd4 Bxf3 16. Qxd8 Rfxd8 17. gxf3 Rd4 18. b3 Nxe5 19. Kg2 Nd3 20. Rf1 Bf6 21. Ra2 Rad8 22. Be3 Nf4+ 23. Kg3 Nh5+ 24. Kg2 Rd1 25. Rd2 Rxf1 26. Rxd8+ Bxd8 27. Kxf1 Bc7 28. h3 Nf4 29. Bxf4 Bxf4 30. Nc3 a6 31. Ke2 Kf8 32. Kd3 Ke7 33. Ke4 Bd2 34. Ne2 f5+ 35. Kd3 Be1 36. Ke3 e5 37. f4 Ke6 38. fxe5 Kxe5 39. f4+ Kd6 40. Nd4 g6 41. Nc2 Bc3 42. b4 a5 43. bxa5 Bxa5 44. Kd4 Bd2 45. Ne3 h6 46. Ng2 g5 47. fxg5 hxg5 48. Kd3 Bc1 49. Ne1 g4 50. hxg4 fxg4 51. Ng2 Kc5 52. Ne1 Kb4 53. Kc2 Bg5 0-1


[Site "https://www.chess.com"]

[Event "Titled Tuesday Blitz May 23 Late 2023"]
[White "lluiss"]
[Black "Ottosen, David"]
[BlackFideId "2603080"]
[WhiteElo "2249"]
[BlackElo "2037"]
[Result "1-0"]
[Round "09"]
[TimeControl "180+2"]
[Date "2023.05.23"]
[WhiteClock "0:02:38"]
[BlackClock "0:02:56"]

1. Nf3 d5 2. d4 c6 3. c4 e6 4. cxd5 exd5 5. Nc3 Be7 6. Qc2 Nf6 7. Bg5 O-O 8. e3 h6 9. Bh4 Nbd7 10. Bd3 Re8 11. O-O Nf8 12. h3 Nh5 13. Bxe7 Qd7 14. Bxf8 1-0


[Site "https://www.chess.com"]

[Event "Titled Tuesday Blitz May 23 Late 2023"]
[White "Ziatdinov, Raset"]
[Black "dorpato"]
[WhiteFideId "2015323"]
[WhiteElo "2220"]
[BlackElo "2049"]
[Result "0-1"]
[Round "09"]
[TimeControl "180+2"]
[Date "2023.05.23"]
[WhiteClock "0:00:41"]
[BlackClock "0:00:10"]

1. e4 c5 2. Nf3 d6 3. d4 cxd4 4. Nxd4 Nf6 5. Nc3 a6 6. f3 e5 7. Nb3 Be7 8. Be3 Be6 9. Qd2 O-O 10. g4 h6 11. O-O-O b5 12. h4 Nh7 13. Kb1 Nc6 14. Be2 b4 15. Nd5 a5 16. Rdg1 a4 17. Nc1 b3 18. g5 h5 19. g6 bxa2+ 20. Ka1 Nf6 21. gxf7+ Rxf7 22. Nxf6+ Bxf6 23. Bg5 Bxg5 24. Rxg5 Nd4 25. Bd1 Qc7 26. Rxh5 Rc8 27. c3 Nxf3 28. Bxf3 Rxf3 29. Rg5 Rf7 30. Rhg1 a3 31. h5 axb2+ 32. Qxb2 Qxc3 33. h6 Qxb2+ 34. Kxb2 Rb8+ 35. Nb3 Rxb3+ 36. Kc2 Ra3 37. hxg7 a1=Q 0-1


[Site "https://www.chess.com"]

[Event "Titled Tuesday Blitz May 23 Late 2023"]
[White "Antonova, Nadezhda"]
[Black "Romero Ruscalleda, Josep"]
[WhiteFideId "14700182"]
[BlackFideId "2231859"]
[WhiteElo "1799"]
[BlackElo "2183"]
[Result "0-1"]
[Round "09"]
[TimeControl "180+2"]
[Date "2023.05.23"]
[WhiteClock "0:01:03"]
[BlackClock "0:00:38"]

1. Nf3 g6 2. b3 Bg7 3. d4 d6 4. Bb2 c5 5. e3 Nc6 6. Be2 cxd4 7. Nxd4 Nxd4 8. exd4 Nf6 9. O-O O-O 10. c4 Bf5 11. Nc3 a6 12. Bf3 Rb8 13. Re1 b5 14. c5 b4 15. Na4 Qc7 16. Rc1 Rfd8 17. Qe2 dxc5 18. dxc5 Nd5 19. Bxg7 Kxg7 20. Qxa6 Nf4 21. Qc4 e5 22. Re3 Bd3 23. Rxd3 Rxd3 24. c6 Rxf3 25. gxf3 Qe7 26. Kf1 Qg5 27. c7 Qg2+ 28. Ke1 Rc8 29. Nb6 Rxc7 30. Qxc7 Qg1+ 31. Kd2 Qxf2+ 32. Kd1 Qe2# 0-1


[Site "https://www.chess.com"]

[Event "Titled Tuesday Blitz May 23 Late 2023"]
[White "Quirke, Jeffrey"]
[Black "Lonoff, Marc"]
[WhiteFideId "2013029"]
[BlackFideId "2001349"]
[WhiteElo "2215"]
[BlackElo "2102"]
[Result "1-0"]
[Round "09"]
[TimeControl "180+2"]
[Date "2023.05.23"]
[WhiteClock "0:00:08"]
[BlackClock "0:00:00"]

1. e4 e6 2. d4 d5 3. e5 c5 4. c3 Nc6 5. Nf3 Bd7 6. Bd3 cxd4 7. cxd4 Qb6 8. Nc3 Nxd4 9. Nxd4 Qxd4 10. O-O a6 11. Re1 Ne7 12. Qe2 Nc6 13. Kh1 b5 14. f4 Qb6 15. f5 Be7 16. Qg4 g6 17. Bg5 gxf5 18. Qh4 Qd8 19. Bf6 Bxf6 20. exf6 Qc7 21. Nxd5 Qd6 22. Nb6 Rb8 23. Nxd7 Qxd7 24. Bxf5 h5 25. Bh3 Qd4 26. Qg3 Rd8 27. Bxe6 1-0


[Site "https://www.chess.com"]

[Event "Titled Tuesday Blitz May 23 Late 2023"]
[White "Stead, Kerry"]
[Black "Burke, Paul"]
[WhiteFideId "3202577"]
[BlackFideId "2605767"]
[WhiteElo "1997"]
[BlackElo "1882"]
[Result "0-1"]
[Round "09"]
[TimeControl "180+2"]
[Date "2023.05.23"]
[WhiteClock "0:00:00"]
[BlackClock "0:01:01"]

1. d4 a6 2. e4 d6 3. Be3 g6 4. f3 h6 5. Qd2 Nd7 6. c4 e5 7. d5 Ne7 8. g4 Bg7 9. Ne2 f5 10. gxf5 gxf5 11. Rg1 f4 12. Bf2 O-O 13. Bh4 Nf6 14. Nbc3 Qe8 15. O-O-O b5 16. cxb5 axb5 17. Nxb5 Qxb5 18. Nc3 Qc5 19. Qg2 Nh5 0-1


[Site "https://www.chess.com"]

[Event "Titled Tuesday Blitz May 23 Late 2023"]
[White "Prado, Alexandra"]
[Black "Castillo Pena, Patricia Evarista"]
[WhiteFideId "3301346"]
[BlackFideId "6412106"]
[WhiteElo "1759"]
[BlackElo "1919"]
[Result "0-1"]
[Round "09"]
[TimeControl "180+2"]
[Date "2023.05.23"]
[WhiteClock "0:00:00"]
[BlackClock "0:01:01"]

1. e4 c5 2. Nc3 e6 3. g3 Nc6 4. Bg2 Nge7 5. Nf3 Ng6 6. d3 Be7 7. O-O O-O 8. Re1 d5 9. exd5 exd5 10. h4 Re8 11. h5 Nf8 12. Ne5 Nxe5 13. Rxe5 d4 14. Nd5 Ne6 15. Nxe7+ Rxe7 16. Qe1 Qb6 17. h6 Bd7 18. hxg7 Kxg7 19. Bg5 f6 20. Rd5 fxg5 21. Rxg5+ Kf7 22. Rf5+ Ke8 23. Re5 Rb8 24. Qe2 Qd6 25. Re1 Kd8 26. Rh5 Kc7 27. Qg4 Rbe8 28. Rhe5 Nd8 29. Qe4 Rxe5 30. Qxb7+ Nxb7 0-1


[Site "https://www.chess.com"]

[Event "Titled Tuesday Blitz May 23 Late 2023"]
[White "Caruana, Fabiano"]
[Black "Carlsen, Magnus"]
[WhiteFideId "2020009"]
[BlackFideId "1503014"]
[WhiteElo "2837"]
[BlackElo "2852"]
[Result "1-0"]
[Round "10"]
[TimeControl "180+2"]
[Date "2023.05.23"]
[WhiteClock "0:00:03"]
[BlackClock "0:00:00"]

1. d4 Nf6 2. Nf3 e6 3. g3 b5 4. Bg2 Bb7 5. O-O Be7 6. c3 a5 7. a4 b4 8. Re1 O-O 9. Nbd2 d5 10. Nb3 Nbd7 11. Qc2 c5 12. dxc5 Nxc5 13. Be3 Nce4 14. Bd4 bxc3 15. bxc3 Rc8 16. Nfd2 Nxd2 17. Nxd2 Qc7 18. Rab1 Ba6 19. e4 h6 20. Bb6 Qxc3 21. Qxc3 Rxc3 22. Bxa5 Rc2 23. exd5 Bc5 24. Rec1 Rxc1+ 25. Rxc1 Rc8 26. Nb3 Bd6 27. dxe6 Rxc1+ 28. Nxc1 fxe6 29. Bf1 Bb7 30. Bc4 Kf7 31. Nd3 Nd5 32. Bd2 Nb6 33. Bb5 Bd5 34. a5 Nc4 35. Bc3 Na3 36. Ba4 Bb7 37. Ne5+ Ke7 38. Bb2 Ba6 39. Bb3 Nb5 40. Nc6+ Kf7 41. Bc4 Nc7 42. Bxa6 Nxa6 43. Kf1 Bc7 44. Bc3 g6 45. Ke2 Ke8 46. Kd3 h5 47. Kc4 Kd7 48. Ne5+ Bxe5 49. Bxe5 Kc6 50. Bd4 Nc7 51. Bb6 Nd5 52. Kd4 Kd6 53. Bc5+ Kc6 54. a6 Nf6 55. a7 Kb7 56. f3 Nd7 57. f4 Ka8 58. Kc4 e5 59. Kd5 exf4 60. gxf4 Nf6+ 61. Ke6 Ne4 62. Be3 Nc3 63. Kf7 Nd5 64. Bd2 Kxa7 65. Kxg6 Kb7 66. f5 Ne7+ 67. Kf6 Nd5+ 68. Ke6 Kc6 69. f6 Nc7+ 70. Ke7 Nd5+ 71. Ke6 Nc7+ 72. Kf5 Kd7 73. Bb4 Ne6 74. f7 1-0


[Site "https://www.chess.com"]

[Event "Titled Tuesday Blitz May 23 Late 2023"]
[White "Nihal Sarin"]
[Black "Rasulov, Vugar"]
[WhiteFideId "25092340"]
[BlackFideId "13402390"]
[WhiteElo "2689"]
[BlackElo "2509"]
[Result "1-0"]
[Round "10"]
[TimeControl "180+2"]
[Date "2023.05.23"]
[WhiteClock "0:00:05"]
[BlackClock "0:00:01"]

1. d4 Nf6 2. Nf3 d5 3. Bg5 e6 4. Nbd2 Be7 5. e3 Nbd7 6. Bd3 O-O 7. h4 b6 8. Ne5 Bb7 9. Rh3 Nxe5 10. dxe5 Ne4 11. Qh5 g6 12. Qh6 Re8 13. Bxe4 dxe4 14. O-O-O Qd5 15. Bf6 Bf8 16. Qg5 h6 17. Qg4 h5 18. Qg5 Kh7 19. Nb3 Qb5 20. Qf4 Bd5 21. g4 Qe2 22. gxh5 Qxh5 23. Rg1 Qf5 24. Qh2 Bxb3 25. Rg5 Bd5 26. h5 Qxg5 27. Bxg5 Bg7 28. Bf6 g5 29. Bxg5 Rg8 30. Qf4 Raf8 31. Rg3 Bh8 32. Be7 Re8 33. Qxf7+ Bg7 34. Qg6+ Kh8 35. Bf6 Bxf6 36. Qh6# 1-0


[Site "https://www.chess.com"]

[Event "Titled Tuesday Blitz May 23 Late 2023"]
[White "Nakamura, Hikaru"]
[Black "Martinez Alcantara, Jose Eduardo"]
[WhiteFideId "2016192"]
[BlackFideId "3805662"]
[WhiteElo "2885"]
[BlackElo "2711"]
[Result "1-0"]
[Round "10"]
[TimeControl "180+2"]
[Date "2023.05.23"]
[WhiteClock "0:00:07"]
[BlackClock "0:00:02"]

1. e4 c5 2. c3 e6 3. d4 d5 4. e5 Nc6 5. Nf3 Qb6 6. Be2 cxd4 7. cxd4 Nge7 8. Na3 Nf5 9. Nc2 Bd7 10. O-O Be7 11. b3 Rc8 12. Bb2 h5 13. Nce1 g5 14. Nc2 g4 15. Nfe1 Rg8 16. Bd3 h4 17. Bxf5 exf5 18. Nd3 Nd8 19. Ne3 Be6 20. Nf4 Qa5 21. Qd3 Bg5 22. Nh5 Qa6 23. Qd1 Kd7 24. Bc1 g3 25. fxg3 hxg3 26. Nxf5 gxh2+ 27. Kh1 Nc6 28. Nd6 Rcf8 29. b4 Nxb4 30. Rb1 Nc6 31. Rxb7+ Kd8 32. Bxg5+ Rxg5 33. Nf4 Rf5 34. Nxf5 Bxf5 35. Rb2 Be4 36. Ne6+ fxe6 37. Rxf8+ Ke7 38. Rbf2 Kd7 39. R2f7+ Ne7 40. Qb3 Bxg2+ 41. Kxg2 Qe2+ 42. Kh1 Qe4+ 43. Qf3 Qb1+ 44. Kxh2 Qc2+ 45. Qg2 Qg6 46. Qxg6 1-0


[Site "https://www.chess.com"]

[Event "Titled Tuesday Blitz May 23 Late 2023"]
[White "Bortnyk, Olexandr"]
[Black "Svane, Rasmus"]
[WhiteFideId "14120828"]
[BlackFideId "4657101"]
[WhiteElo "2734"]
[BlackElo "2601"]
[Result "1-0"]
[Round "10"]
[TimeControl "180+2"]
[Date "2023.05.23"]
[WhiteClock "0:00:12"]
[BlackClock "0:00:00"]

1. e4 e5 2. Bc4 Nf6 3. d3 Bc5 4. Nc3 d6 5. Bg5 h6 6. Bh4 c6 7. a3 Be6 8. Bxe6 fxe6 9. Nf3 O-O 10. Qe2 Nbd7 11. O-O-O Qe8 12. h3 Bd4 13. Nb1 b5 14. g4 Nh7 15. Bg3 Bb6 16. d4 Qf7 17. Nbd2 Bxd4 18. Nxd4 exd4 19. Bxd6 Qxf2 20. Qd3 Rfe8 21. e5 Ng5 22. Rde1 Nf7 23. Rhf1 Qh4 24. Qxd4 c5 25. Bxc5 Nxc5 26. Qxc5 Qxh3 27. Ne4 Rec8 28. Qe7 Rf8 29. Qxe6 Rae8 30. Qg6 Nh8 31. Nf6+ 1-0


[Site "https://www.chess.com"]

[Event "Titled Tuesday Blitz May 23 Late 2023"]
[White "Bachmann, Axel"]
[Black "Sarana, Alexey"]
[WhiteFideId "3700488"]
[BlackFideId "24133795"]
[WhiteElo "2605"]
[BlackElo "2714"]
[Result "1-0"]
[Round "10"]
[TimeControl "180+2"]
[Date "2023.05.23"]
[WhiteClock "0:00:47"]
[BlackClock "0:00:00"]

1. Nf3 d5 2. e3 Nf6 3. c4 e6 4. b3 Bd6 5. Bb2 O-O 6. Nc3 Re8 7. d4 b6 8. Rc1 a6 9. cxd5 exd5 10. g3 Nbd7 11. Bg2 Bb7 12. O-O Qe7 13. Re1 Rad8 14. Re2 h5 15. Rec2 Ng4 16. Qd3 Ndf6 17. h3 Nh6 18. Ne2 Ne4 19. Nd2 Nf5 20. Nf4 g6 21. Nxe4 dxe4 22. Qc4 h4 23. Nxg6 Qg5 24. Nxh4 Nxh4 25. gxh4 Qxh4 26. Qe2 f5 27. Rxc7 Bxc7 28. Rxc7 Re7 29. Rxe7 Qxe7 30. Qh5 Bd5 31. Qxf5 Kg7 32. Ba3 Qf6 33. Bxe4 Bxe4 34. Qxe4 Rg8 35. Kf1 Kf7 36. Qd5+ Kg7 37. Bd6 Qg6 38. Be5+ Kh7 39. Qb7+ Kh6 40. Bf4+ Kh5 41. Qf3+ 1-0


[Site "https://www.chess.com"]

[Event "Titled Tuesday Blitz May 23 Late 2023"]
[White "Bluebaum, Matthias"]
[Black "Dardha, Daniel"]
[WhiteFideId "24651516"]
[BlackFideId "240990"]
[WhiteElo "2639"]
[BlackElo "2581"]
[Result "1-0"]
[Round "10"]
[TimeControl "180+2"]
[Date "2023.05.23"]
[WhiteClock "0:00:12"]
[BlackClock "0:00:00"]

1. d4 Nf6 2. c4 e6 3. Nc3 Bb4 4. e3 O-O 5. Bd2 b6 6. Nf3 Bb7 7. Bd3 d6 8. O-O Qe7 9. a3 Bxc3 10. Bxc3 Nbd7 11. b4 e5 12. Nd2 Rfe8 13. Bb2 Rac8 14. Rc1 h6 15. Re1 Nf8 16. d5 b5 17. e4 c6 18. dxc6 Rxc6 19. cxb5 Rxc1 20. Qxc1 Ne6 21. Qb1 Nh5 22. g3 Ng5 23. Bf1 Qe6 24. Qd1 Nf6 25. f3 d5 26. h4 Ngh7 27. exd5 Qxd5 28. Bc4 Qd8 29. Qe2 e4 30. Qf2 exf3 31. Rxe8+ Qxe8 32. Nxf3 Qe4 33. Be2 Qb1+ 34. Bf1 Bxf3 35. Bxf6 Nxf6 36. Qxf3 Qb2 37. Qa8+ Kh7 38. Qxa7 Ne4 39. Qe3 f5 40. b6 Qf6 41. Bd3 Qa1+ 42. Bf1 Qf6 43. b7 Qd6 44. Bd3 Nxg3 45. Qf3 1-0


[Site "https://www.chess.com"]

[Event "Titled Tuesday Blitz May 23 Late 2023"]
[White "Moroni, Luca Jr"]
[Black "Hakobyan, Aram"]
[WhiteFideId "865834"]
[BlackFideId "13306677"]
[WhiteElo "2569"]
[BlackElo "2584"]
[Result "1-0"]
[Round "10"]
[TimeControl "180+2"]
[Date "2023.05.23"]
[WhiteClock "0:01:19"]
[BlackClock "0:00:10"]

1. d4 Nf6 2. Nf3 b6 3. Bf4 Bb7 4. e3 g6 5. h3 d6 6. Be2 Nbd7 7. Bh2 Bg7 8. O-O O-O 9. a4 a5 10. c3 Qe8 11. Na3 e5 12. Nb5 Rc8 13. Na7 Ra8 14. Nb5 Rc8 15. Qc2 Qe7 16. Nd2 e4 17. b4 Nd5 18. Qb3 Kh8 19. bxa5 bxa5 20. Nc4 N5b6 21. Nxa5 Ba8 22. Na7 Rce8 23. N5c6 Qg5 24. a5 Nc8 25. Bb5 Nxa7 26. Nxa7 Rb8 27. Qa4 Nf6 28. Bc6 Bxc6 29. Nxc6 Ra8 30. c4 Qf5 31. Qb5 Qd7 32. a6 h5 33. a7 Nh7 34. Rfb1 Bf6 35. Nb8 Qe6 36. Qc6 Rxa7 37. Rxa7 Ng5 38. Nd7 Nxh3+ 39. gxh3 Bh4 40. Nxf8 Qf5 41. Ra2 Qxh3 42. Qxe4 Be7 43. Qxe7 Qf1+ 44. Kxf1 1-0


[Site "https://www.chess.com"]

[Event "Titled Tuesday Blitz May 23 Late 2023"]
[White "Remizov, Yaroslav"]
[Black "Sjugirov, Sanan"]
[WhiteFideId "34134015"]
[BlackFideId "4189302"]
[WhiteElo "2400"]
[BlackElo "2569"]
[Result "1-0"]
[Round "10"]
[TimeControl "180+2"]
[Date "2023.05.23"]
[WhiteClock "0:00:22"]
[BlackClock "0:00:00"]

1. e4 c5 2. Nf3 d6 3. d4 cxd4 4. Nxd4 Nf6 5. Nc3 a6 6. Bg5 e6 7. f4 Qb6 8. Qd2 Nc6 9. O-O-O Nxd4 10. Qxd4 Qxd4 11. Rxd4 h6 12. Bh4 Ng4 13. Be2 g5 14. Be1 Nf6 15. e5 dxe5 16. fxe5 Nd7 17. Ne4 Nxe5 18. Bc3 Bg7 19. Nd6+ Kf8 20. Rf1 f5 21. Re4 Ke7 22. Nxc8+ Raxc8 23. Bxe5 fxe4 24. Bxg7 Rhg8 25. Bc3 e5 26. Kd2 Kd7 27. Bg4+ 1-0


[Site "https://www.chess.com"]

[Event "Titled Tuesday Blitz May 23 Late 2023"]
[White "Zakhartsov, Vladimir"]
[Black "Sethuraman, S.P."]
[WhiteFideId "4145097"]
[BlackFideId "5021596"]
[WhiteElo "2495"]
[BlackElo "2543"]
[Result "1/2-1/2"]
[Round "10"]
[TimeControl "180+2"]
[Date "2023.05.23"]
[WhiteClock "0:00:11"]
[BlackClock "0:00:25"]

1. e4 c5 2. Nf3 d6 3. c3 Nf6 4. h3 g6 5. Bd3 Bg7 6. Bc2 O-O 7. d4 cxd4 8. cxd4 Nc6 9. O-O Nb4 10. Bb3 Bd7 11. Nc3 Nc6 12. e5 dxe5 13. dxe5 Ne8 14. Qe2 Nc7 15. Rd1 Qc8 16. Bg5 h6 17. Bh4 Be6 18. Ba4 Re8 19. Nd4 Nxd4 20. Rxd4 Rd8 21. Rxd8+ Qxd8 22. Rd1 Qf8 23. Qe3 Rd8 24. Qxa7 Rxd1+ 25. Bxd1 Bxe5 26. Qxb7 g5 27. Bg3 Bxg3 28. fxg3 Qd8 29. Bf3 Qd6 30. Kh2 f5 31. Qc6 Qe5 32. a4 h5 33. Nb5 f4 34. g4 hxg4 35. hxg4 Nxb5 36. Qxb5 Qh8+ 37. Kg1 Qd4+ 38. Kh1 Qh8+ 39. Kg1 Qd4+ 40. Kh2 Qh8+ 41. Kg1 1/2-1/2


[Site "https://www.chess.com"]

[Event "Titled Tuesday Blitz May 23 Late 2023"]
[White "Krzyzanowski, Marcin"]
[Black "Kramnik, Vladimir"]
[WhiteFideId "1132199"]
[BlackFideId "4101588"]
[WhiteElo "2471"]
[BlackElo "2703"]
[Result "0-1"]
[Round "10"]
[TimeControl "180+2"]
[Date "2023.05.23"]
[WhiteClock "0:00:00"]
[BlackClock "0:00:10"]

1. Nf3 d5 2. g3 Nf6 3. Bg2 e6 4. O-O Be7 5. c4 O-O 6. b3 b6 7. cxd5 Nxd5 8. Bb2 c5 9. d4 Bb7 10. Nc3 Nd7 11. Rc1 Rc8 12. Nxd5 Bxd5 13. Qd3 cxd4 14. Nxd4 Nc5 15. Qe3 Bg5 16. f4 Bf6 17. Rfd1 Qd7 18. Ba1 Rfd8 19. Nf3 Bxa1 20. Rxa1 Qb7 21. Rd4 Qa6 22. Rad1 Qxa2 23. b4 Nb7 24. Ne5 Bxg2 25. Kxg2 Rxd4 26. Rxd4 Rd8 27. Rxd8+ Nxd8 28. Kf2 Qd5 29. Qc3 f6 30. Nd3 Nc6 31. e3 Kf7 32. Ne1 Qb5 33. Nd3 h6 34. g4 a5 35. bxa5 bxa5 36. h4 Qd5 37. g5 hxg5 38. hxg5 Ne7 39. gxf6 gxf6 40. Nc5 Qc6 41. Qc4 a4 42. e4 a3 43. f5 a2 44. fxe6+ Kg7 45. Qxa2 Qxc5+ 46. Kf3 Qc3+ 47. Kg4 Qe5 48. Kf3 Qh5+ 49. Ke3 Qh3+ 50. Kd4 Qg3 0-1


[Site "https://www.chess.com"]

[Event "Titled Tuesday Blitz May 23 Late 2023"]
[White "Babazada, Khazar"]
[Black "Jaracz, Pawel"]
[WhiteFideId "13413554"]
[BlackFideId "1102222"]
[WhiteElo "2351"]
[BlackElo "2438"]
[Result "1-0"]
[Round "10"]
[TimeControl "180+2"]
[Date "2023.05.23"]
[WhiteClock "0:00:14"]
[BlackClock "0:00:00"]

1. e4 c6 2. d4 d5 3. Nc3 h6 4. Nf3 dxe4 5. Nxe4 Bf5 6. Bd3 e6 7. c3 Nd7 8. Qe2 Ngf6 9. Bf4 Nxe4 10. Bxe4 Bxe4 11. Qxe4 Nf6 12. Qe2 Qd5 13. O-O Be7 14. Rfe1 O-O 15. Qc2 c5 16. c4 Qd7 17. Rad1 cxd4 18. Nxd4 Qc8 19. b3 Rd8 20. Nb5 Qc6 21. Rxd8+ Bxd8 22. Rd1 a6 23. Nd4 Qc5 24. Nf3 Be7 25. Be3 Qc6 26. h3 Rc8 27. Qe2 Bc5 28. Bxc5 Qxc5 29. Qd3 b5 30. Rc1 Qb4 31. Ne5 bxc4 32. Nxc4 Nd5 33. Qf3 a5 34. a4 Rb8 35. Ne5 Qf4 36. Qxf4 Nxf4 37. Rc4 Nd5 38. Nd7 Rd8 39. Nc5 Nb4 40. Nb7 Rd1+ 41. Kh2 Nd3 42. Rc8+ Kh7 43. Rd8 e5 44. Nxa5 e4 45. Nc4 f5 46. Ne5 f4 47. Nxd3 Rxd3 48. Rb8 Rd2 49. Rb4 e3 50. fxe3 fxe3 51. Kg3 e2 52. Kf2 Ra2 53. Re4 Kg6 54. Rxe2 Ra3 55. Rb2 Kf5 56. Ke3 Ke5 57. Kd3 Kd5 58. Kc3 Kc5 59. Rf2 Ra1 60. Rf7 g5 61. Rc7+ Kd6 62. Rh7 Kc5 63. Rxh6 1-0


[Site "https://www.chess.com"]

[Event "Titled Tuesday Blitz May 23 Late 2023"]
[White "Simonian, Hrair"]
[Black "Ibarra Jerez, Jose Carlos"]
[WhiteFideId "13302337"]
[BlackFideId "2226332"]
[WhiteElo "2447"]
[BlackElo "2638"]
[Result "1-0"]
[Round "10"]
[TimeControl "180+2"]
[Date "2023.05.23"]
[WhiteClock "0:01:30"]
[BlackClock "0:00:00"]

1. e4 c5 2. Nc3 a6 3. g3 b5 4. Bg2 Bb7 5. Nge2 e6 6. d4 cxd4 7. Nxd4 Ne7 8. O-O Nec6 9. Nf5 exf5 10. exf5 Be7 11. Nd5 O-O 12. Bf4 Bf6 13. Bc7 Qc8 14. Bd6 Be5 15. Bxe5 Nxe5 16. Ne7+ Kh8 17. Nxc8 Bxg2 18. Kxg2 Rxc8 19. Qd5 Nbc6 20. Rfe1 f6 21. f4 Nc4 22. Qxd7 Nb4 23. Re7 Rd8 24. Qb7 Nd6 25. Qc7 Nd5 26. Qd7 Rxd7 27. Rxd7 Nxf5 28. Re1 Nde3+ 29. Kf2 Nxc2 30. Rc1 Nb4 31. a3 a5 32. axb4 axb4 33. Rc5 g6 34. Rxb5 Rc8 35. g4 Nh6 36. h3 Kg8 37. Rbb7 1-0


[Site "https://www.chess.com"]

[Event "Titled Tuesday Blitz May 23 Late 2023"]
[White "Sychev, Klementy"]
[Black "Mirimanian, Hayk"]
[WhiteFideId "4114060"]
[BlackFideId "4700180"]
[WhiteElo "2583"]
[BlackElo "2280"]
[Result "1-0"]
[Round "10"]
[TimeControl "180+2"]
[Date "2023.05.23"]
[WhiteClock "0:00:13"]
[BlackClock "0:00:00"]

1. e4 c5 2. Nf3 d6 3. d4 cxd4 4. Nxd4 Nf6 5. Nc3 a6 6. Bg5 e5 7. Nf5 Bxf5 8. Bxf6 Qxf6 9. Nd5 Qd8 10. exf5 Be7 11. Bc4 O-O 12. Qd3 Nd7 13. O-O-O Nc5 14. Qf3 b5 15. Be2 Ra7 16. Kb1 Re8 17. h4 Bf8 18. f6 e4 19. Qe3 Re5 20. b4 Qa8 21. Ne7+ Bxe7 22. fxe7 Na4 23. Rxd6 Rexe7 24. Rhd1 Re8 25. c4 bxc4 26. Qa3 Rb7 27. Qxa4 a5 28. Qxe8+ Qxe8 29. Rd8 Rxb4+ 30. Kc2 Kf8 31. Rxe8+ Kxe8 32. Rd4 f5 33. Rxc4 Rxc4+ 34. Bxc4 Ke7 35. Kc3 Kd6 36. Kd4 h6 37. h5 1-0


[Site "https://www.chess.com"]

[Event "Titled Tuesday Blitz May 23 Late 2023"]
[White "Cordova, Emilio"]
[Black "Zemlyanskii, Ivan"]
[WhiteFideId "3801497"]
[BlackFideId "24249971"]
[WhiteElo "2607"]
[BlackElo "2421"]
[Result "0-1"]
[Round "10"]
[TimeControl "180+2"]
[Date "2023.05.23"]
[WhiteClock "0:00:23"]
[BlackClock "0:00:06"]

1. d4 d5 2. c4 c6 3. Nf3 Nf6 4. Nc3 dxc4 5. a4 Bf5 6. Nh4 e6 7. Nxf5 exf5 8. e3 Bb4 9. Bxc4 O-O 10. O-O Nbd7 11. Qd3 g6 12. f3 c5 13. Na2 Ba5 14. b4 cxb4 15. Bb2 Rc8 16. Rad1 Bc7 17. Bb3 Qe7 18. Rfe1 Rfe8 19. Qd2 a5 20. Qf2 Nb6 21. e4 fxe4 22. Rxe4 Nxe4 23. fxe4 Nd7 24. Rf1 Rf8 25. e5 Bb6 26. Re1 Rce8 27. Nc1 Nb8 28. Nd3 Nc6 29. Re4 Rd8 30. h4 Nxd4 31. Bxd4 Rxd4 32. Rxd4 Rd8 33. Rxd8+ Qxd8 34. Nc5 Qe7 35. Qf4 Bxc5+ 36. Kh2 Kg7 37. h5 gxh5 38. Qf5 Qh4+ 39. Qh3 Qxh3+ 40. Kxh3 Bd4 41. Kh4 Bxe5 42. Kxh5 h6 43. Kg4 Kf6 44. Kf3 Bc3 45. Kf4 Bd2+ 46. Ke4 Kg6 47. g4 Kg5 48. Kf3 f6 49. Be6 Bc3 50. Ke4 b6 51. Kf3 Be1 52. Ke4 Bf2 53. Kf3 Bc5 54. Ke4 Kg6 55. Kf4 Bd6+ 56. Ke4 Bc5 57. Kd5 Kg7 58. Ke4 Kf8 59. Kf5 Ke7 60. Bc4 Be3 61. Ke4 Bg5 62. Bb3 Kd6 63. Kd4 f5 64. gxf5 h5 65. Ke4 h4 66. Kf3 Ke5 67. Kg4 Bf6 68. Bd1 Kd4 0-1


[Site "https://www.chess.com"]

[Event "Titled Tuesday Blitz May 23 Late 2023"]
[White "Kleiman, Jake"]
[Black "Rostovtsev, Dmitry"]
[WhiteFideId "2020041"]
[BlackFideId "34278320"]
[WhiteElo "2646"]
[BlackElo "2344"]
[Result "1-0"]
[Round "10"]
[TimeControl "180+2"]
[Date "2023.05.23"]
[WhiteClock "0:00:25"]
[BlackClock "0:00:00"]

1. e4 c5 2. c3 Nf6 3. e5 Nd5 4. Bc4 Nb6 5. Bb3 d5 6. exd6 Qxd6 7. Nf3 Nc6 8. O-O Be6 9. Bxe6 Qxe6 10. a4 Qd7 11. a5 Nd5 12. d4 cxd4 13. Nxd4 e6 14. Re1 Be7 15. a6 b6 16. Nxc6 Qxc6 17. Qe2 O-O 18. Na3 Bxa3 19. Rxa3 Rfd8 20. h4 Rd7 21. h5 h6 22. c4 Ne7 23. b4 Rc8 24. Rc3 Nf5 25. Bb2 Rcd8 26. Bc1 Qa4 27. b5 Qb4 28. Qb2 Qc5 29. Qc2 Rd4 30. Ba3 Qc7 31. Rf3 Rxc4 32. Qb1 1-0


[Site "https://www.chess.com"]